 Dungeon Crawl Stone Soup version 0.22-a0-848-ge9e22a0 (webtiles) character file.

184 KristoblXynda the Skirmisher (level 5, -5/57 HPs)
             Began as an Ogre Berserker on July 26, 2018.
             Was a Believer of Trog.
             Slain by a gnoll
             ... wielding a +0 spear
              (6 damage)
             ... on level 4 of the Dungeon.
             The game lasted 00:06:34 (3631 turns).

KristoblXynda the Skirmisher (Ogre Berserker)       Turns: 3631, Time: 00:06:34

Health: -5/57      AC:  4    Str: 21    XL:     5   Next: 64%
Magic:  5/5        EV: 11    Int:  8    God:    Trog [**....]
Gold:   93         SH:  0    Dex:  9    Spells: 4/4 levels left

rFire    . . .     SeeInvis .   o - +0 flail
rCold    . . .     Gourm    .   (no shield)
rNeg     . . .     Faith    .   b - +0 animal skin
rPois    .         Spirit   .   (helmet restricted)
rElec    .         Reflect  .   f - +0 cloak
rCorr    .         Harm     .   (gloves unavailable)
MR       .....                  (boots unavailable)
Stlth    +.........             (no amulet)
HPRegen  0.19/turn              (no ring)
MPRegen  0.09/turn              (no ring)

@: lethally poisoned (-5 -> -7)
A: large, unfitting armour, tough skin 1
a: Berserk, Trog's Hand, Renounce Religion


You were on level 4 of the Dungeon.
You worshipped Trog.
Trog was pleased with you.
You were not hungry.

You visited 1 branch of the dungeon, and saw 4 of its levels.

You collected 93 gold pieces.

Inventory:

Hand Weapons
 o - a +0 flail (weapon)
Missiles
 a - 4 large rocks (quivered)
Armour
 b - a +0 animal skin (worn)
 f - a +0 cloak (worn)
Scrolls
 e - a scroll of enchant weapon {unknown}
 g - a scroll of remove curse
 i - a scroll of teleportation {unknown}
 j - a scroll of amnesia {unknown}
 k - a scroll of magic mapping {unknown}
 l - a scroll of noise {unknown}
Potions
 h - a potion of mutation
 n - a potion of ambrosia
Comestibles
 c - 8 rations


   Skills:
 + Level 5.2 Fighting
 * Level 4.5 Maces & Flails
 + Level 3.5 Dodging


You had 4 spell levels left.
You didn't know any spells.
Your spell library was empty.

Dungeon Overview and Level Annotations

Branches:
Dungeon (4/15)
 Temple: D:4-7

Altars:
Cheibriados
Elyvilon
Makhleb
Uskayaw
Vehumet
Xom


Innate Abilities, Weirdness & Mutations

You are too large for most types of armour.
You have tough skin. (AC +1)


Message History

You hit the gnoll.
The gnoll is lightly wounded.
The gnoll hits you with a spear.
The phantom blinks!
The iguana bites you!
You hit the gnoll.
The gnoll is severely wounded.
You feel sick. The gnoll hits you but does no damage.
A bullfrog comes into view.
The phantom barely misses you. The iguana bites you!
* * * LOW HITPOINT WARNING * * *
The gnoll barely misses you. The gnoll closely misses you.
The phantom blinks!
The iguana completely misses you.
You feel sick. The gnoll hits you but does no damage.
You feel sick. The bullfrog completely misses you.
You hit the bullfrog.
The bullfrog is lightly wounded.
The bullfrog hits you!
* * * LOW HITPOINT WARNING * * *
The gnoll hits you from afar with a spear.
You die...

... .... #######
....F####......
...............
##.....<#.#######
######..........
#.#.###### #F#..§#
##.###@###W########
........lggg........
###.###.###.#########
.......g.†Wg.....
....#######......#
...... ....... ......
....... ##+###
....... .......


You could see a bullfrog, an iguana and 3 gnolls.

Vanquished Creatures
  Robin (D:2)
  7 adders
  A gnoll (D:1)
  2 oozes
  4 worms
  2 dart slugs (D:3)
  3 orcs (D:3)
  2 giant cockroaches
  11 goblins
  7 hobgoblins
  4 jackals (D:2)
  8 kobolds
  2 quokkas
  A ball python (D:3)
  12 bats
  A frilled lizard (D:2)
  13 rats
81 creatures vanquished.

Notes
Turn   | Place    | Note
-------+----------+-------------------------------------------
     0 | D:1      | KristoblXynda the Ogre Berserker began the quest for the Orb.
     0 | D:1      | Reached XP level 1. HP: 24/24 MP: 1/1
   211 | D:1      | Reached XP level 2. HP: 32/32 MP: 2/2
   541 | D:1      | Reached XP level 3. HP: 25/40 MP: 3/3
  1585 | D:2      | Reached XP level 4. HP: 49/49 MP: 4/4
  1919 | D:2      | Found a white marble altar of Elyvilon.
  2032 | D:2      | Found a shimmering altar of Xom.
  2033 | D:2      | Found a burning altar of Makhleb.
  2082 | D:2      | Reached ** piety under Trog
  2083 | D:2      | Noticed Robin
  2115 | D:2      | Killed Robin
  2509 | D:3      | Found a radiant altar of Vehumet.
  2600 | D:3      | Reached XP level 5. HP: 55/55 MP: 5/5
  2610 | D:3      | Reached skill level 5 in Fighting
  3042 | D:3      | Found a snail-covered altar of Cheibriados.
  3081 | D:3      | Found a hide-covered altar of Uskayaw.
  3606 | D:4      | Noticed a phantom
  3631 | D:4      | HP: 1/57 [bullfrog (7)]
  3631 | D:4      | Slain by a gnoll

Vault maps used:
D:1:      nicolae_arrival_washed_ashore
D:2:      gammafunk_temple_overflow_statue, nicolae_overflow_crystal_walls,
          serial_forest, infiniplex_forest_clump_medium,
          infiniplex_forest_lined_3_way, infiniplex_forest_lined_2,
          infiniplex_forest_straight_2, uniq_robin
D:3:      lemuel_doored_altar, vehumet_crystals, kennysheep_slug_shrine

Skill      XL: |  1  2  3  4  5 |
---------------+----------------+-----
Maces & Flails | 3 4 |  4.5
Dodging        | 3 |  3.5
Fighting       | 5 |  5.2

Action                   |  1- 3 |  4- 6 || total
-------------------------+-------+-------++-------
Melee: Mace              |    96 |   133 ||   229
       Flail             |       |    16 ||    16
Invok: Berserk           |     5 |     2 ||     7
  Use: Scroll            |       |     4 ||     4
  Eat: Chunk             |     6 |     9 ||    15
Armor: Animal skin       |    63 |    58 ||   121
Dodge: Dodged            |    96 |    87 ||   183

Table legend:
 A = Spawn XP
 B = Non-spawn XP
 C = Spawn XP percentage of total XP
 D = Spawn monster count
 E = Non-spawn monster count
 F = Spawn count percentage of total count
 G = Total turns spent on level
                    A         B        C        D         E        F      G
               +---------+---------+-------+---------+---------+-------+---------
         Total |       0 |     264 |   0.0 |       0 |      81 |   0.0 |  3631
               +---------+---------+-------+---------+---------+-------+---------
           D:1 |       0 |      48 |   0.0 |       0 |      22 |   0.0 |  1075
           D:2 |       0 |     105 |   0.0 |       0 |      33 |   0.0 |  1363
           D:3 |       0 |      98 |   0.0 |       0 |      25 |   0.0 |  1156
           D:4 |       0 |      13 |   0.0 |       0 |       1 |   0.0 |    37
               +---------+---------+-------+---------+---------+-------+---------
